 Dungeon Crawl Stone Soup version 0.21-a0-641-geef9d7f (webtiles) character file.

3146 mopl the Carver (level 9, -1/75 HPs)
             Began as a Tengu Skald on Dec 30, 2017.
             Was an Elder of Okawaru.
             Slain by a killer bee (6 damage)
             ... on level 8 of the Dungeon.
             The game lasted 00:14:00 (6654 turns).

mopl the Carver (Tengu Skald)                       Turns: 6654, Time: 00:14:01

Health: -1/75      AC:  5    Str: 19    XL:     9   Next: 93%
Magic:  17/22      EV: 13    Int: 14    God:    Okawaru [****..]
Gold:   353        SH:  0    Dex: 17    Spells: 1/12 levels left

rFire    + . .     SeeInvis .   a - +1 falchion (elec)
rCold    . . .     Gourm    .   (no shield)
rNeg     . . .     Faith    .   m - +1 leather armour of Zounu {rF+}
rPois    .         Spirit   .   (helmet restricted)
rElec    .         Reflect  .   (no cloak)
rCorr    .         Harm     .   h - +0 pair of gloves
MR       .....                  (boots unavailable)
Stlth    ..........             (no amulet)
HPRegen  0.22/turn              o - +3 ring of dexterity
MPRegen  0.18/turn              g - ring of magical power

@: berserking, lethally poisoned (-1 -> -9), infused, very quick
A: beak, talons 3, able to fly 1
a: Fly, Heroism, Renounce Religion


You were on level 8 of the Dungeon.
You worshipped Okawaru.
Okawaru was greatly pleased with you.
You were not hungry.

You visited 2 branches of the dungeon, and saw 9 of its levels.
You also visited: Sewer.

You collected 371 gold pieces.
You spent 18 gold pieces at shops.

Inventory:

Hand Weapons
 a - a +1 falchion of electrocution (weapon)
 y - a +0 blowgun
Missiles
 n - 7 needles of confusion
 x - 8 poisoned needles
 A - 2 throwing nets (quivered)
Armour
 b - the cursed +1 robe of the Jabberwock {rN+, unknown}
   (You found it on level 5 of the Dungeon)

   It protects you from negative energy.
   It has a curse placed upon it.
 h - a +0 pair of gloves (worn)
 m - the +1 leather armour of Zounu (worn) {rF+}
   (You found it on level 5 of the Dungeon)

   It protects you from fire.
Jewellery
 f - an uncursed ring of fire
 g - a ring of magical power (right hand)
 o - a +3 ring of dexterity (left hand)
Wands
 u - a wand of flame (9)
 w - a wand of paralysis (6)
Scrolls
 q - 2 scrolls of enchant armour
 r - a scroll of magic mapping
 t - 2 scrolls of remove curse
 v - a scroll of blinking {unknown}
 B - a scroll of summoning {unknown}
Potions
 e - 3 potions of magic
 i - 2 potions of brilliance
 j - 7 potions of curing
 k - a potion of resistance
 l - a potion of berserk rage {!q}
 p - 2 potions of might
 s - a potion of mutation {!q}
 z - 4 potions of heal wounds
Books
 c - a book of Battle

   Spells                             Type                      Level
   a - Infusion                       Charms                       1
   b - Shroud of Golubria             Charms/Translocation         2
   c - Song of Slaying                Charms                       2
   d - Spectral Weapon                Hexes/Charms                 3
   e - Regeneration                   Charms/Necromancy            3
Comestibles
 d - 15 rations
 D - 5 chunks of flesh


   Skills:
 + Level 3.1 Fighting
 + Level 10.4 Long Blades
 - Level 1.1 Armour
 + Level 3.5 Dodging
 - Level 2.0 Spellcasting
 + Level 1.5 Hexes
 - Level 7.0 Charms
 + Level 2.3 Necromancy
 + Level 1.7 Translocations
 + Level 1.5 Invocations


You had one spell level left.
You knew the following spells:

 Your Spells              Type           Power        Failure   Level  Hunger
a - Infusion              Chrm           ###.         1%          1    ##.....
b - Song of Slaying       Chrm           ###.....     2%          2    ###....
c - Spectral Weapon       Hex/Chrm       ##......     14%         3    ####...
f - Shroud of Golubria    Chrm/Tloc      ##........   7%          2    ###....
r - Regeneration          Chrm/Necr      ##........   12%         3    ####...


Dungeon Overview and Level Annotations

Branches:
Dungeon (8/15)             Temple (1/1) D:4
   Lair: D:8-11

Altars:
Ashenzari
Cheibriados
Dithmenos
Gozag
Hepliaklqana
Okawaru
Ru
Trog
Vehumet
Xom
Zin

Shops:
D:7 %:*


Innate Abilities, Weirdness & Mutations

You have a beak for a mouth.
You have claws for feet.
You can fly.


Message History

Okawaru accepts your kill. The killer bee stings you.
* * * LOW HITPOINT WARNING * * *
You are more poisoned.
The killer bee poisons you!
You hit the killer bee. Your kick misses the killer bee.
You peck the killer bee!
You kill the killer bee!
Okawaru accepts your kill.
You feel sick.
Unknown command.
You hit the killer bee. Your kick misses the killer bee.
Your peck misses the killer bee.
The killer bee is moderately wounded.
You feel sick.
The killer bee stings you but does no damage.
The killer bee stings you.
* * * LOW HITPOINT WARNING * * *
The killer bee stings you.
You die...

##################
#............#....
#............#.###
#@y.[..........#
##y###.........#
#.....#.........#
#.♣.♣.#.........###
#.._..#.....<......
# ♣.♣ #............
... #............
### #(......#####
.......... #


You could see 2 killer bees.

Vanquished Creatures
  Pikel (D:5)
  Prince Ribbit (D:6)
  A hippogriff (D:7)
  Sigmund (D:5)
  A hungry ghost (D:7)
  Menkaure (D:6)
  A slave (D:4)
  A necrophage (D:6)
  A centaur (D:6)
  3 ogres
  6 big kobolds
  A bullfrog (D:6)
  A scorpion (D:5)
  6 killer bees (D:8)
  3 howler monkeys
  A centaur zombie (D:5)
  2 hounds
  A quasit (D:6)
  An orc priest (D:5)
  A jelly (D:5)
  A bullfrog skeleton (D:7)
  2 iguanas
  3 worker ants
  A killer bee zombie (D:7)
  A worker ant zombie (D:7)
  4 river rats
  10 adders
  2 oozes (Sewer)
  An adder skeleton (D:6)
  8 worms
  2 dart slugs
  A leopard gecko (D:6)
  11 orcs
  3 giant cockroaches
  7 goblins
  A hobgoblin (D:2)
  6 jackals
  20 kobolds
  3 quokkas
  2 ball pythons
  2 bats (D:1)
  6 frilled lizards
  A leopard gecko skeleton (D:4)
  A leopard gecko zombie (D:7)
  9 rats
143 creatures vanquished.

Vanquished Creatures (others)
  A jelly (D:5)
1 creature vanquished.

Grand Total: 144 creatures vanquished

Notes
Turn   | Place    | Note
-------+----------+-------------------------------------------
     0 | D:1      | mopl the Tengu Skald began the quest for the Orb.
     0 | D:1      | Reached XP level 1. HP: 12/12 MP: 4/4
   173 | D:1      | Reached XP level 2. HP: 17/17 MP: 3/6
   185 | D:1      | Learned a level 2 spell: Song of Slaying
   188 | D:1      | Learned a level 2 spell: Shroud of Golubria
   479 | D:2      | Reached skill level 3 in Long Blades
   479 | D:2      | Reached skill level 3 in Charms
   479 | D:2      | Reached XP level 3. HP: 3/21 MP: 0/7
   733 | D:2      | Found a shadowy altar of Dithmenos.
  1365 | D:3      | Reached XP level 4. HP: 24/26 MP: 8/8
  1985 | D:4      | Noticed an ogre
  1993 | D:4      | Killed an ogre
  1993 | D:4      | Reached skill level 4 in Long Blades
  1993 | D:4      | Gained mutation: You can fly. [Tengu growth]
  1993 | D:4      | Reached XP level 5. HP: 30/30 MP: 9/9
  2227 | D:4      | Found a glowing silver altar of Zin.
  2263 | D:4      | Reached skill level 5 in Long Blades
  2283 | D:4      | Reached skill level 4 in Charms
  2283 | D:4      | Reached XP level 6. HP: 27/35 MP: 6/10
  2303 | D:4      | Found a staircase to the Ecumenical Temple.
  2313 | Temple   | Entered the Ecumenical Temple
  2330 | Temple   | Became a worshipper of Warmaster Okawaru
  2625 | D:4      | Learned a level 3 spell: Regeneration
  2644 | D:5      | Entered Level 5 of the Dungeon
  2648 | D:5      | Found a shimmering altar of Xom.
  2663 | D:5      | Found a shattered altar of Ashenzari.
  2718 | D:5      | Got a crude leather armour
  2729 | D:5      | Identified the +1 leather armour of Zounu {rF+} (You found it on level 5 of the Dungeon)
  2762 | D:5      | Noticed Sigmund
  2768 | D:5      | Killed Sigmund
  2768 | D:5      | Reached * piety under Okawaru
  2768 | D:5      | Reached skill level 6 in Long Blades
  2768 | D:5      | Reached XP level 7. HP: 37/40 MP: 11/11
  2803 | D:5      | Noticed Pikel
  2814 | D:5      | Paralysed by Pikel for 5 turns
  2824 | D:5      | Paralysed by Pikel for 5 turns
  3233 | D:5      | Got a thick robe
  3529 | D:5      | Reached skill level 7 in Long Blades
  3529 | D:5      | Reached skill level 5 in Charms
  3566 | D:5      | Killed Pikel
  3566 | D:5      | Reached ** piety under Okawaru
  3566 | D:5      | Reached skill level 8 in Long Blades
  3566 | D:5      | Reached XP level 8. HP: 36/44 MP: 12/12
  3776 | D:5      | Learned a level 3 spell: Spectral Weapon
  3830 | D:6      | Found a glowing drain.
  3849 | Sewer    | Entered a sewer
  4007 | Sewer    | Reached skill level 6 in Charms
  4300 | Sewer    | Reached skill level 9 in Long Blades
  4584 | D:6      | Reached *** piety under Okawaru
  4584 | D:6      | Reached XP level 9. HP: 15/48 MP: 13/13
  4640 | D:6      | Noticed Prince Ribbit
  4925 | D:6      | Killed Prince Ribbit
  4925 | D:6      | Reached skill level 10 in Long Blades
  5052 | D:6      | Noticed Menkaure
  5059 | D:6      | Killed Menkaure
  5059 | D:6      | Reached skill level 1 in Necromancy
  5137 | D:6      | Found a shimmering altar of Xom.
  5429 | D:7      | Reached skill level 1 in Translocations
  5440 | D:7      | Reached skill level 3 in Dodging
  5440 | D:7      | Reached skill level 1 in Hexes
  5467 | D:7      | Found a radiant altar of Vehumet.
  5469 | D:7      | Found a sacrificial altar of Ru.
  5563 | D:7      | Found Amom's Assorted Antiques.
  5574 | D:7      | Bought a metallic sapphire potion for 18 gold pieces
  5797 | D:7      | Found Ecaosueg's Book Shoppe.
  6008 | D:7      | Reached **** piety under Okawaru
  6008 | D:7      | Reached skill level 1 in Invocations
  6194 | D:7      | Found Weoni's Food Shop.
  6510 | D:8      | Reached skill level 7 in Charms
  6510 | D:8      | Reached skill level 2 in Necromancy
  6625 | D:8      | Reached skill level 3 in Fighting
  6642 | D:8      | Found an opulent altar of Gozag.
  6654 | D:8      | Slain by a killer bee

Vault maps used:
D:1:      minmay_arrival_doors, serial_bayou_ford_a
D:2:      grunt_dithmenos_smoke_and_mirrors
D:3:      minivault_4, minmay_box_of_dots
D:4:      lemuel_crystal_altar, temple_hall
D:5:      nicolae_overflow_hidden_temple, first_ration, basic_altar, uniq_pikel,
          uniq_sigmund
D:6:      cheibrodos_sewer_entry_sluice, basic_altar, uniq_prince_ribbit1,
          uniq_menkaure
D:7:      chequers_temple_overflow_statue_of_worship, serial_shops,
          kennysheep_mini_moat, shop, shop_statue
D:8:      kennysheep_little_box, grunt_lair_entry_orc_guard_hut,
          enter_ossuary_3, special_room
Temple:   jpeg_temple_clearing
Sewer:    sewer_co_tree

Skill      XL: |  1  2  3  4  5  6  7  8  9 |
---------------+----------------------------+-----
Long Blades    | 3 4 5 6 8 9 10 | 10.4
Charms         | 3 4 5 6 7 |  7.0
Necromancy     | 2 |  2.3
Translocations | 1 |  1.7
Dodging        | 3 |  3.5
Hexes          | 1 |  1.5
Invocations    | 1 |  1.5
Fighting       | 3 |  3.1
Armour         | |  1.1
Spellcasting   | |  2.0

Action                   |  1- 3 |  4- 6 |  7- 9 || total
-------------------------+-------+-------+-------++-------
Melee: Falchion          |    37 |     8 |   193 ||   238
       Peck              |    15 |     6 |    33 ||    54
       Kick              |    15 |    20 |    56 ||    91
       Quarterstaff      |    22 |    58 |       ||    80
 Cast: Infusion          |    12 |     8 |    25 ||    45
       Song of Slaying   |     1 |     2 |     1 ||     4
       Shroud of Golubri |       |     4 |     9 ||    13
       Regeneration      |       |       |     6 ||     6
 Abil: Fly               |       |       |     4 ||     4
Evoke: Wand              |       |       |     4 ||     4
  Use: Scroll            |     4 |     4 |     7 ||    15
       Potion            |       |       |     2 ||     2
 Stab: Sleeping          |       |     1 |       ||     1
  Eat: Chunk             |     2 |     4 |    10 ||    16
       Ration            |       |       |     2 ||     2
Armor: Leather armour    |     8 |    31 |    27 ||    66
Dodge: Dodged            |    36 |    48 |   129 ||   213
       Rpst.: Falchion   |     7 |     2 |    35 ||    44

Table legend:
 A = Spawn XP
 B = Non-spawn XP
 C = Spawn XP percentage of total XP
 D = Spawn monster count
 E = Non-spawn monster count
 F = Spawn count percentage of total count
 G = Total turns spent on level
                    A         B        C        D         E        F      G
               +---------+---------+-------+---------+---------+-------+---------
         Total |       0 |    4495 |   0.0 |       0 |     142 |   0.0 |  6654
               +---------+---------+-------+---------+---------+-------+---------
           D:1 |       0 |      26 |   0.0 |       0 |      17 |   0.0 |   472
           D:2 |       0 |      53 |   0.0 |       0 |      13 |   0.0 |   821
           D:3 |       0 |      36 |   0.0 |       0 |      13 |   0.0 |   825
           D:4 |       0 |     343 |   0.0 |       0 |      12 |   0.0 |   826
           D:5 |       0 |    1142 |   0.0 |       0 |      16 |   0.0 |   872
           D:6 |       0 |    1049 |   0.0 |       0 |      16 |   0.0 |   785
           D:7 |       0 |     778 |   0.0 |       0 |      19 |   0.0 |  1147
           D:8 |       0 |     437 |   0.0 |       0 |       8 |   0.0 |   152
         Sewer |       0 |     631 |   0.0 |       0 |      28 |   0.0 |   721
               +---------+---------+-------+---------+---------+-------+---------
